 Dungeon Crawl Stone Soup version 0.24.0-1-gfbc8707 (webtiles) character file.

Game seed: 8968340243144653339, levelgen mode: deterministic

450 Charmandara the Sneak (level 6, -4/25 HPs)
             Began as a Felid Air Elementalist on Nov 1, 2019.
             Killed by divine providence
             ... invoked by an orc priest
              (10 damage)
             ... on level 4 of the Dungeon.
             The game lasted 00:15:12 (6830 turns).

Charmandara the Sneak (Felid Air Elementalist)      Turns: 6830, Time: 00:15:13

Health: -4/25      AC:  4    Str:  4    XL:     6   Next: 74%
Magic:  7/11       EV: 18    Int: 18    God:
Gold:   302        SH:  3    Dex: 17    Spells: 3/11 levels left
                                        Lives:  0   Deaths: 1

rFire    . . .     SeeInvis +     - Unarmed
rCold    . . .     Gourm    .   (shield unavailable)
rNeg     . . .     Faith    .   (armour unavailable)
rPois    .         Spirit   .   (helmet unavailable)
rElec    .         Reflect  +   (cloak unavailable)
rCorr    .         Harm     .   (gloves unavailable)
MR       .....                  (boots unavailable)
Stlth    ++++......             a - +3 amulet of reflection
HPRegen  0.08/turn              e - ring of flight {+Fly, !d}
MPRegen  0.12/turn              h - +2 ring of protection

@: quick
A: very small, no armour, no weapons or thrown items, stealth, claws 1, fangs 3,
see invisible, carnivore, speed 1, shaggy fur 2, slow metabolism 1, sharp paws
a: Evoke Flight


You were on level 4 of the Dungeon.
You were completely stuffed.

You visited 1 branch of the dungeon, and saw 5 of its levels.

You collected 302 gold pieces.

Inventory:

Jewellery
 a - a +3 amulet of reflection (around neck)
   (You found it on level 1 of the Dungeon)
 e - a ring of flight (left paw) {+Fly, !d}
   (You found it on level 1 of the Dungeon)
 h - a +2 ring of protection (right paw)
   (You found it on level 1 of the Dungeon)
 o - an uncursed amulet of faith {Faith, !P}
   (You found it on level 4 of the Dungeon)
Scrolls
 c - 6 scrolls of remove curse
 g - a scroll of magic mapping {!r}
 l - 2 scrolls of teleportation
Potions
 f - a potion of mutation {unknown}
 i - a potion of berserk rage {!q}
 j - 2 potions of curing
 k - a potion of lignification {unknown}
 m - a potion of might {unknown}
 n - a potion of haste {unknown}
 p - a potion of degeneration {unknown}
Comestibles
 b - 8 rations


   Skills:
 - Level 1.0 Fighting
 - Level 2.6 Dodging
 + Level 6.7 Stealth
 - Level 3.2 Unarmed Combat
 * Level 3.0 Spellcasting
 - Level 3.0 Conjurations
 - Level 3.0 Air Magic


You had 3 spell levels left.
You knew the following spells:

 Your Spells              Type           Power        Failure   Level  Hunger
a - Shock                 Conj/Air       ##..         4%          1    None
b - Static Discharge      Conj/Air       ##......     14%         3    ###....
c - Airstrike             Air            ##........   43%         4    ####...

Your spell library contained the following spells:

 Spells                   Type           Power        Failure   Level  Hunger
 Swiftness                Chrm/Air       #.......     13%         2    ##.....
 Lightning Bolt           Conj/Air       ##........   78%         5    ######.


Dungeon Overview and Level Annotations

Branches:
Dungeon (5/15)
 Temple: D:4-7

Altars:
Fedhas

Annotations:
D:5 1 runed translucent door, dragoon's ghost, novice KoIE


Innate Abilities, Weirdness & Mutations

You cannot wear armour.
You are incapable of wielding weapons or throwing items.
Your paws allow you to move quietly. (Stealth)
You have sharp claws.
You have razor-sharp teeth.
You have supernaturally acute eyesight. (SInv)
You are carnivorous and can eat meat at any time.
You cover ground quickly.
You are covered in thick fur. (AC +2)
You have a slow metabolism.
Your sharp claws are effective at attacking unaware monsters.


Message History

You are struck by an arc of lightning.
The lightning grounds out.
The ogre closely misses you.
Unknown command.
You take 3 damage, and have 19/25 hp.
You now have 1/10 mp.
Unknown command.
Aim: an ogre, wielding a +0 giant spiked club (almost dead)
The zap hits the ogre.
Unknown command.
You now have 0/10 mp.
The orc warrior shouts!
You scratch the ogre.
You kill the ogre!
An orc priest comes into view. It is wielding a +0 flail.
There is a stone staircase leading up here.
You climb upwards.
There is a stone staircase leading down here.
Unknown command.
You start resting.
Health restored: 25; MP restored: 11 Unknown command.
Done exploring.
Okay, then.
Some of the chunks of flesh in your inventory have rotted away.
There is an open door here.
There is an open door here.
Things that are here:
a +0 scale mail; a +0 hand axe
There is a stone staircase leading down here.
You climb downwards.
There is a stone staircase leading up, spattered with blood here.
Unknown command.
The orc is too close now for your liking.
Aim: an orc, wielding a +0 short sword and wearing a +0 ring mail (hasn't noticed you)
The zap hits the orc but does no damage.
The orc shouts!
Unknown command.
You now have 10/11 mp.
Aim: an orc, wielding a +0 short sword and wearing a +0 ring mail The zap hits the orc.
Unknown command.
You now have 9/11 mp.
Aim: an orc, wielding a +0 short sword and wearing a +0 ring mail (heavily wounded)
The zap hits the orc.
You now have 8/11 mp.
You can't see any susceptible monsters within range! (Use Z to cast anyway.) Unknown command.
Unknown command.
Aim: an orc, wielding a +0 short sword and wearing a +0 ring mail (severely wounded)
The zap hits the orc.
You kill the orc!
The orc wizard shouts!
Unknown command.
You now have 7/11 mp.
You start resting.
Eating a chunk of flesh {@w0}.
You eat the chunk of flesh {@w0}.
This raw flesh tastes great.
MP restored: 11
Things that are here:
a +0 short sword; a +0 ring mail; an orc corpse An orc warrior is nearby!
The orc wizard shouts!
The orc wizard points at you and mumbles some strange words.
The magic dart hits you.
You take 5 damage, and have 20/25 hp.
The orc wizard casts a spell at you. The magic dart hits you.
You take 5 damage, and have 15/25 hp.
Aim: an orc wizard, wielding a +0 dagger and wearing a +0 robe The zap hits the orc wizard.
Unknown command.
You now have 10/11 mp.
Aim: an orc wizard, wielding a +0 dagger and wearing a +0 robe (lightly wounded)
The zap misses the orc wizard.
The zap hits the orc wizard.
Unknown command.
You now have 9/11 mp.
Aim: an orc wizard, wielding a +0 dagger and wearing a +0 robe (heavily wounded)
The zap hits the orc wizard.
Unknown command.
You now have 8/11 mp.
Aim: an orc wizard, wielding a +0 dagger and wearing a +0 robe (severely wounded)
The zap misses the orc wizard.
The orc warrior shouts!
The orc wizard casts a spell at you. The puff of frost hits you!
* * * LOW HITPOINT WARNING * * *
Unknown command.
You take 10 damage, and have 5/25 hp.
MASSIVE DAMAGE!!
You now have 7/11 mp.
Aim: an orc warrior, wielding a +0 war axe and wearing a +0 plate armour The zap hits the orc wizard.
You kill the orc wizard!
Your Spellcasting skill increases to level 3!
The zap hits the orc warrior but does no damage.
Unknown command.
You now have 6/11 mp.
The orc priest shouts!
The orc priest calls down the wrath of Beogh upon you.
Beogh smites you!
You die...

#..........##..........####
#..........##.....#........
#.............#...#........
#..........#...............
#............#..#..........
######.####.###............
.....#.####.####........#.#
####........##.........##
###.##....)..@......##.
######.#........##<.......
............o..###..[.....#
.#####.#)o.................
.## #.#.....#.............
..## #.#..........#....#...
...###.............###....
#...................##....
#..#.....[.............>..
#


You could see an orc warrior and an orc priest.

Vanquished Creatures
  An ogre (D:4)
  A scorpion (D:3)
  3 orc priests (D:3)
  2 orc wizards
  A worker ant (D:4)
  A hound skeleton (D:4)
  7 adders
  2 oozes
  3 worms
  3 dart slugs
  A leopard gecko (D:3)
  14 orcs
  A ball python (D:2)
  3 giant cockroaches
  10 goblins
  8 hobgoblins
  5 jackals (D:3)
  11 kobolds
  11 bats
  5 frilled lizards
  10 rats
103 creatures vanquished.

Notes
Turn   | Place    | Note
-------+----------+-------------------------------------------
     0 | D:1      | Charmandara the Felid Air Elementalist began the quest for
                  | the Orb.
     0 | D:1      | Reached XP level 1. HP: 7/7 MP: 4/4
    41 | D:1      | Reached skill level 1 in Conjurations
    52 | D:1      | Reached skill level 3 in Stealth
   223 | D:1      | Reached XP level 2. HP: 11/11 MP: 3/6
   235 | D:1      | HP: 2/11 [dart slug/slug dart (7)]
   702 | D:1      | Reached skill level 2 in Conjurations
   823 | D:1      | Reached XP level 3. HP: 8/14 MP: 5/7
  1537 | D:2      | Reached skill level 1 in Fighting
  1604 | D:2      | Reached skill level 1 in Unarmed Combat
  1621 | D:2      | Reached skill level 4 in Stealth
  1621 | D:2      | Reached XP level 4. HP: 19/19 MP: 0/8
  1700 | D:2      | Found a blossoming altar of Fedhas.
  1943 | D:2      | Reached skill level 2 in Unarmed Combat
  2234 | D:2      | Slain by a worm
  2235 | D:2      | Reached XP level 3. HP: -2/15 MP: 0/7
  2333 | D:3      | Noticed a scorpion
  2940 | D:3      | Reached XP level 4. HP: 19/19 MP: 4/8
  3602 | D:3      | Reached skill level 3 in Unarmed Combat
  3674 | D:3      | Reached skill level 5 in Stealth
  3674 | D:3      | Reached XP level 5. HP: 21/22 MP: 3/9
  3675 | D:3      | Reached skill level 3 in Air Magic
  4122 | D:3      | Learned a level 3 spell: Static Discharge
  4127 | D:3      | Learned a level 4 spell: Airstrike
  4268 | D:4      | dragoon: sniff me
  4271 | D:4      | Charmandara: no thx
  4300 | D:4      | dragoon: wow
  4306 | D:4      | Charmandara: how u
  4352 | D:4      | dragoon: idk now
  4353 | D:4      | Charmandara: lol
  4706 | D:3      | HP: 5/22 [poisoned by a worker ant]
  5545 | D:3      | Reached skill level 6 in Stealth
  5545 | D:3      | Gained mutation: You are covered in thick fur. (AC +2)
                  | [Felid growth]
  5545 | D:3      | Reached XP level 6. HP: 10/25 MP: 5/10
  5880 | D:4      | HP: 3/25 [orc wizard/magic dart (11)]
  5882 | D:3      | HP: 1/25 [crimson imp (2)]
  5944 | D:4      | Noticed an orc warrior
  5956 | D:5      | Entered Level 5 of the Dungeon
  5956 | D:5      | Found a runed translucent door.
  5975 | D:5      | Noticed dragoon's ghost (novice KoIE)
  6474 | D:5      | Reached skill level 3 in Conjurations
  6823 | D:4      | HP: 5/25 [orc wizard/puff of frost (10)]
  6824 | D:4      | Reached skill level 3 in Spellcasting
  6830 | D:4      | Killed from afar by an orc priest

Levels and vault maps discovered:
D:1:      scummos_arrival_checkerplants, layout_basic
D:2:      layout_loops_ring, fedhas_altar_3
D:3:      layout_loops_corners, minivault_27, chequers_serial_rivers_micro_b
D:4:      layout_rooms, first_ration
D:5:      layout_gridville, ebering_ghost_sewer_d

Skill      XL: |  1  2  3  4  5  6 |
---------------+-------------------+-----
Conjurations   | 1 2 3 |  3.0
Stealth        | 3 4 5 6 |  6.7
Fighting       | 1 |  1.0
Unarmed Combat | 1 3 |  3.2
Air Magic      | 3 |  3.0
Spellcasting   | 3 |  3.0
Dodging        | |  2.6

Action                   |  1- 3 |  4- 6 || total
-------------------------+-------+-------++-------
Melee: Unarmed           |    79 |    76 ||   155
       Bite              |     5 |    10 ||    15
       Punch             |     1 |     1 ||     2
 Cast: Shock             |    89 |   172 ||   261
       Static Discharge  |       |     2 ||     2
  Use: Scroll            |       |    10 ||    10
       Potion            |       |     3 ||     3
 Stab: Sleeping          |     1 |     4 ||     5
  Eat: Chunk             |    17 |    12 ||    29
Armor: Skin              |    17 |    16 ||    33
Dodge: Dodged            |    79 |    90 ||   169
Block: Other             |    12 |    14 ||    26

Levels and vault maps discovered:
D:1:      scummos_arrival_checkerplants, layout_basic
D:2:      layout_loops_ring, fedhas_altar_3
D:3:      layout_loops_corners, minivault_27, chequers_serial_rivers_micro_b
D:4:      layout_rooms, first_ration
D:5:      layout_gridville, ebering_ghost_sewer_d

Table legend:
 A = Turns spent in this place as a percentage of turns spent in the entire game.
 B = Non-inter-level travel turns spent in this place as a percentage of non-inter-level travel turns spent in the entire game.
 C = Inter-level travel turns spent in this place as a percentage of turns spent in this place.
 D = Turns resting spent in this place as a percentage of non-inter-level travel turns spent in this place.
 E = Turns spent auto-exploring this place as a percentage of non-inter-level travel turns spent in this place.
 F = Non-inter-level travel turns spent in this place divided by the number of levels of this place that you've seen.
                   A       B       C       D       E      F
               +-------+-------+-------+-------+-------+----------------------
         Total | 100.0 | 100.0 |   3.3 |  49.0 |  30.2 | 1320.6
       Dungeon | 100.0 | 100.0 |   3.3 |  49.0 |  30.2 | 1320.6
               +-------+-------+-------+-------+-------+----------------------

Table legend:
 A = Kills in this place as a percentage of kills in entire the game.
 B = Kills by you in this place as a percentage of kills by you in the entire game.
 C = Kills by friends in this place as a percentage of kills by friends in the entire game.
 D = Other kills in this place as a percentage of other kills in the entire game.
 E = Experience gained in this place as a percentage of experience gained in the entire game.
 F = Experience gained in this place divided by the number of levels of this place that you have seen.
                   A       B       C       D       E      F
               +-------+-------+-------+-------+-------+----------------------
         Total | 100.0 | 100.0 |   N/A |   N/A | 100.0 | 144.2
       Dungeon | 100.0 | 100.0 |   N/A |   N/A | 100.0 | 144.2
               +-------+-------+-------+-------+-------+----------------------
